 Dungeon Crawl Stone Soup version 0.26-a0-20-g5f92b90 (webtiles) character file.

Game seed: 8736420903501051961, levelgen mode: deterministic

5 MrTaco21 the Shield-Bearer (level 1, -1/14 HPs)
             Began as a Gargoyle Fighter on May 25, 2020.
             Slain by a leopard gecko (2 damage)
             ... on level 1 of the Dungeon.
             The game lasted 00:00:20 (49 turns).

MrTaco21 the Shield-Bearer (Gargoyle Fighter)         Turns: 49, Time: 00:00:21

Health: -1/14      AC:  9    Str: 19    XL:     1   Next: 80%
Magic:  1/1        EV:  7    Int:  8    God:
Gold:   18         SH:  9    Dex:  9    Spells: 0/0 levels left

rFire    . . .     SeeInvis .   a - +0 flail
rCold    . . .     Gourm    .   c - +0 kite shield
rNeg     + . .     Faith    .   b - +0 scale mail
rPois    ∞         Spirit   .   (no helmet)
rElec    +         Reflect  .   (no cloak)
rCorr    .         Harm     .   (no gloves)
MR       .....                  (no boots)
Stlth    ..........             (no amulet)
HPRegen  0.04/turn              (no ring)
MPRegen  0.07/turn              (no ring)

@: no status effects
A: negative energy resistance 1, electricity resistance, unbreathing,
petrification resistance, rot immunity, AC +2
a: no special abilities


You were on level 1 of the Dungeon.
You were not hungry.

You visited 1 branch of the dungeon, and saw 1 of its levels.

You collected 18 gold pieces.

Inventory:

Hand Weapons
 a - a +0 flail (weapon)
Armour
 b - a +0 scale mail (worn)
 c - a +0 kite shield (worn)
Potions
 d - a potion of might
 f - a potion of curing {unknown}
Comestibles
 e - a ration {!d}


   Skills:
 - Level 3.2 Fighting
 + Level 2.5 Maces & Flails
 - Level 3.2 Armour
 - Level 3.2 Shields


You couldn't memorise any spells.
You didn't know any spells.
Your spell library was empty.

Dungeon Overview and Level Annotations

Branches:
Dungeon (1/15)

Altars:


Innate Abilities, Weirdness & Mutations

You are resistant to torment.
Your stone body is resilient. (AC +2)
You are immune to poison.
You resist negative energy. (rN+)
You are resistant to electric shocks. (rElec)
You can survive without breathing.
You are immune to petrification.
You are immune to rotting.


Message History

Your shield and scale mail prevent you from hitting the jackal.
You block the jackal's attack.
The leopard gecko bites you but does no damage.
You block the jackal's attack. The leopard gecko bites you.
You hit the jackal.
You kill the jackal!
You block the leopard gecko's attack.
You closely miss the leopard gecko.
The leopard gecko bites you but does no damage.
The leopard gecko bites you.
Your shield and scale mail prevent you from hitting the kobold.
You block the leopard gecko's attack. The kobold hits you but does no damage.
You block the leopard gecko's attack.
Your shield prevents you from hitting the kobold.
The kobold hits you but does no damage. You block the leopard gecko's attack.
The kobold barely misses you.
You closely miss the kobold.
The leopard gecko bites you but does no damage. x2
The kobold hits you.
Your shield prevents you from hitting the kobold.
You block the leopard gecko's attack. The kobold hits you.
* * * LOW HITPOINT WARNING * * *
The leopard gecko bites you but does no damage.
The kobold hits you but does no damage.
You closely miss the leopard gecko. The leopard gecko bites you.
* * * LOW HITPOINT WARNING * * *
The leopard gecko barely misses you.
Your shield and scale mail prevent you from hitting the leopard gecko.
The leopard gecko bites you but does no damage.
Unknown command.
You closely miss the leopard gecko. The leopard gecko bites you.
* * * LOW HITPOINT WARNING * * *
The leopard gecko bites you but does no damage.
You miss the leopard gecko. The leopard gecko bites you.
* * * LOW HITPOINT WARNING * * *
You block the leopard gecko's attack.
You barely miss the leopard gecko. The leopard gecko barely misses you.
The leopard gecko bites you but does no damage.
Unknown command.
You closely miss the leopard gecko. The leopard gecko barely misses you.
Unknown command.
Unknown command.
You barely miss the leopard gecko.
The leopard gecko bites you but does no damage. x2
You closely miss the leopard gecko. The leopard gecko barely misses you.
Unknown command.
Unknown command.
Your shield prevents you from hitting the leopard gecko.
You block the leopard gecko's attack. The leopard gecko bites you.
You die...

.##....##...##
.............##
#............#
##....?.......#
..............#
#...†......#
#...K# ####l#
#@################
#.##>.............
#.....#..#..#..#..
###...............
#...............
#.>............<
#...(...........
#...............
##..#..#..#..#..


You could see a leopard gecko and a kobold.

Vanquished Creatures
  A hobgoblin (D:1)
  3 jackals (D:1)
4 creatures vanquished.

Notes
Turn   | Place    | Note
-------+----------+-------------------------------------------
     0 | D:1      | MrTaco21 the Gargoyle Fighter began the quest for the Orb.
     0 | D:1      | Reached XP level 1. HP: 14/14 MP: 1/1
    49 | D:1      | Slain by a leopard gecko

Illustrated notes

Levels and vault maps discovered:
D:1:      lemuel_arrival_broad_hall, layout_rooms, serial_bayou_pond_e

Action                   || total
-------------------------++-------
Melee: Flail             ||    23
Armor: Scale mail        ||    19
Dodge: Dodged            ||    11
Block: Kite shield       ||    24

Table legend:
 A = Non-vault XP
 B = Vault XP
 C = Vault XP percentage of total XP
 D = Non-vault monster count
 E = Vault monster count
 F = Vault count percentage of total count
                 A         B        C        D         E       F
            +---------+---------+-------+---------+---------+-------
      Total |       8 |       0 |   0.0 |       4 |       0 |   0.0
            +---------+---------+-------+---------+---------+-------
        D:1 |       8 |       0 |   0.0 |       4 |       0 |   0.0
            +---------+---------+-------+---------+---------+-------
